 Dungeon Crawl Stone Soup version 0.30-a0-867-g305f33218d (webtiles) character file.

Game seed: 10670351446870148627

14020 Rocko1345 the Cleaver (level 11, -7/95 HPs)
             Began as a Minotaur Monk on Mar 10, 2023.
             Was the Champion of Fedhas.
             Mangled by a minotaur
             ... wielding a staff of cold
              (15 damage)
             ... in a Gauntlet.
             The game lasted 00:31:46 (11212 turns).

Rocko1345 the Cleaver (Minotaur Monk)              Turns: 11212, Time: 00:31:46

Health: -7/95      AC: 22    Str: 20    XL:     11   Next: 83%
Magic:  16/16      EV: 12    Int: 16    God:    Fedhas [******]
Gold:   339        SH: 11    Dex: 15    Spells: 10/10 levels left

rFire   + + .      SeeInvis .    C - +4 war axe (flame)
rCold   + . .      Faith    .    T - +2 kite shield {AC+3}
rNeg    + + .      Spirit   .    J - +4 ring mail of Card Tricks {rPois rF+ rN++ Int+4}
rPois   +          Reflect  .    (helmet restricted)
rElec   .          Rampage  .    Q - +1 cloak "Huxebbesur" {rC+}
rCorr   .          NoTele   +    W - +3 pair of gloves of Impressiveness {Int+5}
Will    .....                    B - +1 pair of boots of Hepliaklqana's Esteem {+Inv Dex+2}
Stlth   ++                       (no amulet)
HPRegen 0.35/turn                G - ring of protection from fire
MPRegen 0.15/turn                D - +4 ring of slaying

@: invisible
A: horns 2, retaliatory headbutt
a: Renounce Religion, Evoke Invisibility, Wall of Briars, Grow Ballistomycete,
Overgrow, Grow Oklob


You were in a Gauntlet.
You worshipped Fedhas.
Fedhas was exalted by your worship.
You visited 1 branch of the dungeon, and saw 11 of its levels.
You also visited: Ossuary and Gauntlet.

You collected 689 gold pieces.
You spent 350 gold pieces at shops.

Inventory:

Hand Weapons
 a - a +0 falchion
 C - a +4 war axe of flaming (weapon)
 K - the +8 longbow of the Sharp God {freeze, *Corrode rPois Int+4 Stlth+}
   (You took it off a wight on level 6 of the Dungeon)

   Int:       It affects your intelligence (+4).
   rPois:     It protects you from poison.
   *Corrode:  It may corrode you when you take damage.
   Stlth:     It makes you more stealthy.
Missiles
 u - 90 stones (quivered)
 x - 14 poisoned darts
Armour
 b - a +0 robe
 g - a +0 ring mail
 o - a +0 buckler
 s - a +2 pair of gloves
 y - a +0 scale mail
 B - the +1 pair of boots of Hepliaklqana's Esteem (worn) {+Inv Dex+2}
   (You found it on level 4 of the Dungeon)

   Dex:       It affects your dexterity (+2).
   +Inv:      It lets you turn invisible.
 J - the +4 ring mail of Card Tricks (worn) {rPois rF+ rN++ Int+4}
   (You found it on level 6 of the Dungeon)

   Int:       It affects your intelligence (+4).
   rF:        It protects you from fire.
   rPois:     It protects you from poison.
   rN:        It greatly protects you from negative energy.
 Q - the +1 cloak "Huxebbesur" (worn) {rC+}
   (You found it on level 8 of the Dungeon)

   rC:        It protects you from cold.
 T - a +2 kite shield of protection (worn)
 W - the +3 pair of gloves of Impressiveness (worn) {Int+5}
   (You found it in a Gauntlet)

   Int:       It affects your intelligence (+5).
Jewellery
 m - a ring of fire
 w - a ring of ice
 D - a +4 ring of slaying (right hand)
 G - a ring of protection from fire (left hand)
Wands
 A - a wand of roots (6)
 F - a wand of polymorph (12)
 H - a wand of charming (3)
 O - a wand of mindburst (13)
 P - a wand of quicksilver (22)
 S - a wand of flame (9)
Scrolls
 f - 4 scrolls of torment
 i - 4 scrolls of noise
 l - 2 scrolls of fog
 q - 3 scrolls of teleportation
 z - 3 scrolls of enchant armour
 M - 2 scrolls of silence
 U - a scroll of fear
Potions
 c - a potion of ambrosia
 d - a potion of degeneration {unknown}
 e - a potion of invisibility
 h - 3 potions of cancellation
 k - 2 potions of brilliance
 n - 3 potions of haste
 p - 2 potions of mutation {unknown}
 r - 3 potions of attraction
 t - 2 potions of flight
 v - 2 potions of berserk rage
 E - a potion of resistance {unknown}
 L - a potion of magic {unknown}
 N - 3 potions of might {unknown}
 R - a potion of lignification {unknown}
Miscellaneous
 V - a phial of floods


   Skills:
 + Level 8.4 Fighting
 - Level 5.4 Long Blades
 + Level 12.6 Axes
 * Level 8.6 Ranged Weapons
 + Level 7.1 Armour
 + Level 6.7 Dodging
 + Level 2.8 Stealth
 + Level 3.3 Shields
 * Level 8.1 Invocations


You had 10 spell levels left.
You didn't know any spells.
Your spell library contained the following spells:

 Spells                   Type           Power      Damage    Failure   Level
 Apportation              Tloc           0%         N/A       77%         1
 Dazzling Flash           Conj/Hex       0%         N/A       98%         3
 Iskenderun's Mystic Bla  Conj/Tloc      0%         2d3       100%        4
 Alistair's Intoxication  Tmut/Pois      0%         N/A       100%        5
 Starburst                Conj/Fire      0%         6d3       100%        6


Dungeon Overview and Level Annotations

Branches:
Dungeon (11/15)            Temple (0/1) D:5            Lair (0/5) D:8
Ossuary (visited)         Gauntlet (1/1)
    Orc: D:9-12

Altars:
Ashenzari
Dithmenos
Elyvilon
Fedhas
Gozag
Kikubaaqudgha
Makhleb
Nemelex Xobeh
Ru
Sif Muna
Xom

Shops:
D:7 *

Annotations:
D:9 exclusion: obsidian statue Gauntlet 10 transporters, 21 runed translucent doors


Innate Abilities, Weirdness & Mutations

You have a pair of horns on your head.
You reflexively headbutt those who attack you in melee.


Message History

A minotaur is nearby!
You start resting.
A minotaur is nearby!
The minotaur barely misses you. The minotaur gores you!
You are confused.
You feel invigorated.
The minotaur hits you with a staff of cold!!
The minotaur freezes you. The minotaur gores you.
* * * LOW HITPOINT WARNING * * *
You feel much better.
The minotaur hits you with a staff of cold.
The minotaur freezes you. The minotaur gores you!
Okay, then.
The minotaur attacks as you move away!
The minotaur hits you with a staff of cold.
The minotaur freezes you.
* * * LOW HITPOINT WARNING * * *
The minotaur gores you but does no damage.
You bump into the metal wall.
You feel less invigorated.
You feel less confused.
The minotaur hits you with a staff of cold!
* * * LOW HITPOINT WARNING * * *
The minotaur freezes you.
* * * LOW HITPOINT WARNING * * *
The minotaur gores you!
* * * LOW HITPOINT WARNING * * *
You feel better.
The minotaur hits you but does no damage.
The minotaur freezes you.
* * * LOW HITPOINT WARNING * * *
The minotaur gores you.
* * * LOW HITPOINT WARNING * * *
You feel better.
The minotaur hits you with a staff of cold!
* * * LOW HITPOINT WARNING * * *
The minotaur closely misses you.
You fade into invisibility!
The minotaur hits you with a staff of cold!
You die...
Fedhas appreciates your contribution to the ecosystem.

#...####.8.##....#
.#..#©.....##.##.#
..#.####.8....##.#
)..##..#...##.##.# #
#####..#.8.##....#.# ≈#
......≈#...##.##.#.#.≈≈#
......∩#.8....##.'...∩≈#
......≈#...##.##H#.#.≈≈#
#####..#.8.##...@# # #
.#))#..#...##.##.#
#..#####.8....##.#
..#.#©.....##.##.#
.#..####.8.##....#
#..##..#.§§#######
.P#.#..#≈8§ .#..#..#
#...#..#


You could see a minotaur (unable to see you).

Vanquished Creatures
  A tengu warrior (Gauntlet)
  2 two-headed ogres
  Sonja (D:11)
  A death drake (Gauntlet)
  3 spectral centaurs (Gauntlet)
  A manticore (D:9)
  A rust devil (Gauntlet)
  A tengu conjurer (Gauntlet)
  A hornet (D:10)
  2 trolls (D:10)
  Sigmund (D:6)
  A ynoxinul (Gauntlet)
  A wyvern (D:9)
  Eustachio (D:5)
  13 yaks
  A vampire (D:10)
  Grum (D:10)
  2 wraiths (D:10)
  2 vampire mosquitoes (D:11)
  2 steam dragons
  A warg (D:8)
  An acid dragon (D:10)
  A black bear (D:6)
  2 orc warriors
  A sky beast (D:7)
  An ice beast (D:7)
  An ogre (D:6)
  3 centaurs
  2 phantoms
  4 wolves (D:10)
  2 elf zombies (Ossuary)
  2 kobold brigands
  2 bullfrogs
  2 scorpions
  7 wights
  6 killer bees (D:8)
  2 howler monkeys (D:8)
  An electric eel (D:8)
  3 centaur zombies
  3 gnoll boudas
  2 iron imps (Gauntlet)
  6 hounds
  3 human zombies (Ossuary)
  5 jellies
  7 orc priests
  Natasha (twice) (D:2)
  7 orc wizards
  A hound zombie (Ossuary)
  3 mummies (Ossuary)
  16 gnolls
  7 adders
  A shadow imp (D:5)
  2 ufetubi
  5 adder zombies (Ossuary)
  A worm zombie (D:8)
  2 worms
  3 dart slugs
  19 orcs
  7 bats
  A bat zombie (D:10)
  5 endoplasms
  4 giant cockroaches
  3 goblins
  3 hobgoblins
  11 kobolds
  2 quokkas
  10 ball pythons
  4 frilled lizards
  2 gnoll zombies (Ossuary)
  2 goblin zombies (Ossuary)
  4 hobgoblin zombies (Ossuary)
  2 jackal zombies (Ossuary)
  2 kobold zombies (Ossuary)
  An orc zombie (Ossuary)
  5 quokka zombies (Ossuary)
  4 rats
  6 rat zombies
256 creatures vanquished.

Vanquished Creatures (collateral kills)
  2 yaks (D:11)
  An orc warrior (D:6)
  A wight (D:6)
  An orc priest (D:6)
  An orc wizard (D:6)
  3 orcs (D:6)
  A ballistomycete spore (D:5)
10 creatures vanquished.

Vanquished Creatures (others)
  A warg (D:8)
  An acid dragon (Gauntlet)
  4 fungi (Gauntlet)
  11 plants
  A withered plant (D:1)
18 creatures vanquished.

Grand Total: 284 creatures vanquished

Notes
Turn   | Place    | Note
-------+----------+-------------------------------------------
     0 | D:1      | Rocko1345 the Minotaur Monk began the quest for the Orb.
     0 | D:1      | Reached XP level 1. HP: 19/19 MP: 0/0
    84 | D:1      | Found a faded altar of an unknown god.
    94 | D:1      | Prayed at the altar of an unknown god.
    94 | D:1      | Became a worshipper of Fedhas Madash
    94 | D:1      | Reached * piety under Fedhas
    94 | D:1      | Reached ** piety under Fedhas
   366 | D:1      | Reached XP level 2. HP: 27/27 MP: 1/1
   488 | D:1      | Reached *** piety under Fedhas
   674 | D:1      | Reached XP level 3. HP: 28/33 MP: 2/2
  1132 | D:2      | Noticed Natasha
  1148 | D:2      | Killed Natasha
  1149 | D:2      | Reached skill level 1 in Invocations
  1374 | D:2      | Reached XP level 4. HP: 40/41 MP: 3/3
  1397 | D:2      | Reached skill level 1 in Armour
  1914 | D:2      | Noticed Natasha
  1924 | D:2      | Killed Natasha
  2296 | D:3      | Found a sparkling altar of Nemelex Xobeh.
  2383 | D:3      | Found an opulent altar of Gozag.
  2383 | D:3      | Found a sacrificial altar of Ru.
  2447 | D:3      | Reached **** piety under Fedhas
  2448 | D:3      | Reached XP level 5. HP: 31/47 MP: 5/5
  2997 | D:4      | Reached skill level 5 in Long Blades
  3237 | D:4      | Identified the +1 pair of boots of Hepliaklqana's Esteem
                  | {+Inv Dex+2}
  3563 | D:5      | Entered Level 5 of the Dungeon
  3563 | D:5      | Noticed a phantom
  3600 | D:5      | Reached skill level 1 in Axes
  3672 | D:5      | Reached XP level 6. HP: 47/53 MP: 6/6
  3714 | D:5      | Noticed Eustachio
  3742 | D:5      | Killed Eustachio
  3743 | D:5      | Reached skill level 2 in Axes
  3826 | D:5      | Reached skill level 3 in Axes
  3826 | D:5      | Reached XP level 7. HP: 58/60 MP: 6/8
  3864 | D:5      | Reached skill level 4 in Axes
  3995 | D:5      | Found a staircase to the Ecumenical Temple.
  4197 | D:6      | Reached skill level 5 in Fighting
  4225 | D:6      | Reached skill level 5 in Axes
  4225 | D:6      | Reached skill level 1 in Shields
  4314 | D:6      | Noticed Sigmund
  4318 | D:6      | Reached XP level 8. HP: 68/68 MP: 9/9
  4326 | D:6      | Killed Sigmund
  4327 | D:6      | Reached skill level 6 in Axes
  4391 | D:6      | Identified the +4 ring mail of Card Tricks {rPois rF+ rN++
                  | Int+4}
  4597 | D:6      | Reached skill level 7 in Axes
  4909 | D:6      | Identified the +8 longbow of the Sharp God {freeze,
                  | *Corrode rPois Int+4 Stlth+}
  4933 | D:6      | Reached skill level 8 in Axes
  4933 | D:6      | Reached skill level 5 in Invocations
  5040 | D:6      | Reached XP level 9. HP: 58/75 MP: 11/11
  5483 | D:7      | Found a white marble altar of Elyvilon.
  5506 | D:7      | Found a shimmering altar of Xom.
  5528 | D:7      | Found a broken altar of Ashenzari.
  5569 | D:7      | Reached skill level 1 in Ranged Weapons
  5576 | D:7      | Identified the +5 ring mail "Gaumygo" {rN+}
  5791 | D:7      | Reached ***** piety under Fedhas
  5942 | D:7      | Reached skill level 5 in Armour
  6166 | D:7      | Reached skill level 5 in Dodging
  6166 | D:7      | Found Raowkuan's Fire Supplies.
  6193 | D:7      | Bought a ring of protection from fire for 350 gold pieces
  6356 | D:7      | Reached skill level 9 in Axes
  6694 | D:8      | Found a sand-covered staircase.
  6703 | Ossuary  | Entered an ossuary
  7141 | D:8      | Reached skill level 5 in Ranged Weapons
  7141 | D:8      | Reached XP level 10. HP: 35/84 MP: 13/13
  7528 | D:8      | Found a staircase to the Lair.
  7683 | D:8      | Identified the +1 cloak "Huxebbesur" {rC+}
  7862 | D:9      | Noticed a manticore
  7871 | D:9      | Killed a manticore
  7872 | D:9      | Reached skill level 10 in Axes
  7898 | D:9      | Noticed a two-headed ogre
  7917 | D:9      | Killed a two-headed ogre
  8085 | D:9      | Noticed an obsidian statue
  8113 | D:9      | Found a shimmering blue altar of Sif Muna.
  8170 | D:9      | Found a shadowy altar of Dithmenos.
  8184 | D:9      | Reached ****** piety under Fedhas
  8385 | D:9      | Noticed a sun demon
  8437 | D:10     | Entered Level 10 of the Dungeon
  8474 | D:10     | Found an ancient bone altar of Kikubaaqudgha.
  8555 | D:10     | Noticed a two-headed ogre
  8565 | D:10     | Killed a two-headed ogre
  8791 | D:10     | Paralysed by a hornet for 3 turns
  8801 | D:10     | Reached skill level 11 in Axes
  9168 | D:10     | Noticed Grum
  9178 | D:10     | Reached XP level 11. HP: 85/92 MP: 15/15
  9181 | D:10     | Killed Grum
  9249 | D:10     | Found a burning altar of Makhleb.
  9944 | D:11     | Noticed Sonja
  9955 | D:11     | Killed Sonja
  9963 | D:11     | Reached skill level 12 in Axes
  9963 | D:11     | Found a gate leading to a gauntlet.
  9968 | Gauntlet | Entered a Gauntlet
  9968 | Gauntlet | Found a transporter.
  9968 | Gauntlet | Found a transporter.
  9972 | Gauntlet | Found a transporter.
  9972 | Gauntlet | Found a transporter.
 10014 | Gauntlet | Found a transporter.
 10021 | Gauntlet | Found a transporter.
 10031 | Gauntlet | Found a transporter.
 10031 | Gauntlet | Found a transporter.
 10033 | Gauntlet | Found the +7 captain's cutlass {speed, disarm}
 10035 | Gauntlet | Found a transporter.
 10036 | Gauntlet | Noticed a death drake
 10062 | Gauntlet | Found a transporter.
 10063 | Gauntlet | Noticed an oklob plant
 10067 | Gauntlet | Noticed a blizzard demon
 10069 | Gauntlet | Found a transporter.
 10114 | Gauntlet | Found a transporter.
 10124 | Gauntlet | Found a transporter.
 10126 | Gauntlet | Found a large runed translucent door.
 10126 | Gauntlet | Found a large runed translucent door.
 10127 | Gauntlet | Found a large runed translucent door.
 10127 | Gauntlet | Found a large runed translucent door.
 10128 | Gauntlet | Found a runed translucent door.
 10128 | Gauntlet | Found a large runed translucent door.
 10128 | Gauntlet | Found a large runed translucent door.
 10128 | Gauntlet | Found a runed translucent door.
 10128 | Gauntlet | Found a large runed translucent door.
 10128 | Gauntlet | Found a large runed translucent door.
 10129 | Gauntlet | Found a large runed translucent door.
 10129 | Gauntlet | Found a large runed translucent door.
 10132 | Gauntlet | Found a large runed translucent door.
 10132 | Gauntlet | Found a large runed translucent door.
 10134 | Gauntlet | Found a large runed translucent door.
 10134 | Gauntlet | Found a large runed translucent door.
 10134 | Gauntlet | Found a large runed translucent door.
 10136 | Gauntlet | Found a runed translucent gate.
 10136 | Gauntlet | Found a runed translucent gate.
 10136 | Gauntlet | Found a runed translucent gate.
 10138 | Gauntlet | Found a transporter.
 10149 | Gauntlet | Found a large runed translucent door.
 10239 | Gauntlet | Found a transporter.
 10253 | Gauntlet | Found a transporter.
 10256 | Gauntlet | Noticed a tengu warrior
 10690 | Gauntlet | Killed a tengu warrior
 10838 | Gauntlet | Killed a death drake
 11155 | Gauntlet | Identified the +3 pair of gloves of Impressiveness {Int+5}
 11200 | Gauntlet | Noticed a minotaur
 11212 | Gauntlet | Mangled by a minotaur

Illustrated notes

Levels and vault maps discovered:
D:1:      lightli_arrival_flooded_house, layout_loops_corners,
          shapermc_ecumenical_altar_gd
D:2:      minmay_alternating_diamond, layout_basic, uniq_natasha
D:3:      layout_loops_ring, nemelex_spade_bored_becter,
          nicolae_overflow_two_pavilions
D:4:      layout_loops_ring
D:5:      layout_basic, minmay_temple_entry_hall, uniq_eustachio
D:6:      layout_basic, uniq_sigmund
D:7:      layout_loops_corners, mainiacjoe_overflow_surrounded_room, minitemple,
          nicolae_shop_fire_sale [nicolae_sub_dead_trees]
D:8:      statuecave_lemuel, layout_cave_pools, erik_lair_orcish_takeover,
          enter_ossuary_3
D:9:      layout_gridville, old_standard_altar, mainiacjoe_overflow_24_doors,
          minmay_protected_statue
D:10:     layout_cave_pods, lightli_temple_of_fire,
          lemuel_zombie_altar_kikubaaqudgha, uniq_grum
D:11:     layout_loops_ring, hiddenorc2_lemuel, gammafunk_ghost_ooze,
          gauntlet_entry_generic, uniq_sonja
Gauntlet: gammafunk_gauntlet_branching [gammafunk_gauntlet_arena_chambers,
          nicolae_gauntlet_swirl, minmay_gauntlet_arena_make_your_own_arena,
          nicolae_gauntlet_arena_quarters, nicolae_gauntlet_arena_t_cross,
          nicolae_gauntlet_arena_grate_2, gammafunk_gauntlet_arena_arrow_garden,
          nicolae_gauntlet_arena_x, gauntlet_exit_watery]

Skill      XL: |  1  2  3  4  5  6  7  8  9 10 11 |
---------------+----------------------------------+-----
Fighting       | 4 5 6 7 8 |  8.4
Long Blades    | 4 5 |  5.4
Invocations    | 1 2 3 5 6 7 8 |  8.1
Armour         | 2 3 4 5 6 7 |  7.1
Dodging        | 4 5 6 |  6.7
Stealth        | 2 |  2.8
Axes           | 1 3 5 8 9 11 12 | 12.6
Shields        | 1 2 3 |  3.3
Ranged Weapons | 5 7 8 |  8.6

Action                     |  1- 3 |  4- 6 |  7- 9 | 10-12 || total
---------------------------+-------+-------+-------+-------++-------
  Melee: Falchion          |    65 |   108 |       |       ||   173
         Headbutt          |     8 |    14 |    27 |    25 ||    74
         War axe           |       |    25 |   166 |   177 ||   368
         Punch             |       |       |       |     2 ||     2
   Fire: Longbow           |       |       |    85 |    19 ||   104
  Throw: Stone             |       |       |     1 |       ||     1
 Invoke: Grow Ballistomyce |       |     1 |       |       ||     1
         Overgrow          |       |       |     1 |     1 ||     2
         Wall of Briars    |       |       |     1 |     1 ||     2
    Use: Scroll            |       |       |    12 |     7 ||    19
         Potion            |       |       |       |    14 ||    14
   Stab: Sleeping          |     2 |     1 |       |       ||     3
         Confused          |       |     1 |       |       ||     1
         Distracted        |       |       |     1 |       ||     1
 Armour: Ring mail         |    22 |    35 |    81 |   169 ||   307
         Robe              |     1 |       |       |       ||     1
         Scale mail        |       |    24 |    26 |       ||    50
  Dodge: Dodged            |    45 |    89 |   151 |   197 ||   482
  Block: Buckler           |       |    18 |    30 |    27 ||    75
         Kite shield       |       |       |       |    31 ||    31

Table legend: (Time is in decaauts)
 A = Elapsed time spent in this place.
 B = Non-inter-level travel time spent in this place.
 C = Inter-level travel time spent in this place.
 D = Time resting spent in this place.
 E = Time spent auto-exploring this place.
 F = Levels seen in this place.
 G = Mean time per level.
                   A        B        C        D        E       F      G
               +--------+--------+--------+--------+--------+-----+--------+
         Total |  11318 |  11050 |    268 |   2291 |   5895 |  13 |  870.6 |
       Dungeon |   9661 |   9393 |    268 |   1590 |   5488 |  11 |  878.3 |
       Ossuary |    426 |    426 |      0 |    100 |    123 |   1 |  426.0 |
      Gauntlet |   1229 |   1229 |      0 |    601 |    284 |   1 | 1229.0 |
               +--------+--------+--------+--------+--------+-----+--------+

Top non-repeatable levels by time:
     D:6: 1288 daAuts
    D:10: 1264 daAuts
Gauntlet: 1229 daAuts
     D:8: 1050 daAuts
     D:1: 1040 daAuts
     D:2: 1027 daAuts
     D:7: 998 daAuts
     D:3: 901 daAuts
     D:4: 651 daAuts
     D:5: 598 daAuts
     D:9: 564 daAuts
 Ossuary: 426 daAuts
    D:11: 275 daAuts
